 Dungeon Crawl Stone Soup version 0.25-a0-285-gcba6f664f8 (webtiles) character file.

Game seed: 1580902809027551957, levelgen mode: deterministic

2 FessEmpty the Digger (level 1, 0/14 HPs)
             Began as a Demigod Earth Elementalist on Nov 6, 2019.
             Slain by a bat (1 damage)
             ... on level 1 of the Dungeon on Dec 11, 2019.
             The game lasted 00:00:30 (41 turns).

FessEmpty the Digger (Demigod Earth Elementalist)     Turns: 41, Time: 00:00:30

Health: 0/14       AC:  2    Str: 11    XL:     1   Next: 26%
Magic:  5/5        EV: 12    Int: 19    God:
Gold:   0          SH:  0    Dex: 16    Spells: 2/3 levels left

rFire    . . .     SeeInvis .   (no weapon)
rCold    . . .     Gourm    .   (no shield)
rNeg     . . .     Faith    .   c - +0 robe
rPois    .         Spirit   .   (no helmet)
rElec    .         Reflect  .   (no cloak)
rCorr    .         Harm     .   (no gloves)
MR       .....                  (no boots)
Stlth    ++........             (no amulet)
HPRegen  0.04/turn              (no ring)
MPRegen  0.09/turn              (no ring)

@: no status effects
A: high mp 1
a: no special abilities


You were on level 1 of the Dungeon.
You were not hungry.

You visited 1 branch of the dungeon, and saw 1 of its levels.

Inventory:

Missiles
 b - 30 stones (quivered)
Armour
 c - a +0 robe (worn)
Comestibles
 d - a ration


   Skills:
 + Level 1.9 Dodging
 + Level 1.7 Stealth
 + Level 1.7 Spellcasting
   Level 0.8 Transmutations
 + Level 2.8 Earth Magic


You had 2 spell levels left.
You knew the following spells:

 Your Spells              Type           Power        Failure   Level  Hunger
a - Sandblast             Erth           ##....       5%          1    #......

Your spell library contained the following spells:

 Spells                   Type           Power        Failure   Level  Hunger
 Passwall                 Tmut/Erth      #.......     12%         2    ###....
 Stone Arrow              Conj/Erth      #.....       28%         3    ###....
 Petrify                  Tmut/Erth      #.......     63%         4    #####..
 Lee's Rapid Deconstruct  Erth           ##........   83%         5    ######.


Dungeon Overview and Level Annotations

Branches:
Dungeon (1/15)


Innate Abilities, Weirdness & Mutations

You have an increased reservoir of magic. (+10% MP)


Message History

Welcome, FessEmpty the Demigod Earth Elementalist.
The bosom of this dungeon contains the legendary artefact, the Orb of Zot.
Press ? for a list of commands and other information.
Found a staircase leading out of the dungeon.
A goblin comes into view. It is wielding a +0 dagger.
Found a stone staircase leading down.
A goblin is nearby!
The goblin shouts!
You closely miss the goblin. You hit the goblin.
The goblin is severely wounded.
The goblin hits you with a +0 dagger.
You closely miss the goblin.
The goblin is severely wounded.
The goblin hits you with a +0 dagger.
You closely miss the goblin.
The goblin is severely wounded.
The goblin completely misses you.
You hit the goblin.
You kill the goblin!
No target in view!
No target in view!
Found 18 poisoned darts.
A goblin comes into view.
A goblin is nearby!
Saving game... please wait.
Welcome back, FessEmpty the Demigod Earth Elementalist.
Press ? for a list of commands and other information.
Press: ? - help, v - describe, . - travel
Here: a goblin (resting)
The floor.
Saving game... please wait.
Welcome back, FessEmpty the Demigod Earth Elementalist.
Press ? for a list of commands and other information.
The goblin shouts!
A rat comes into view.
A bat comes into view.
The goblin barely misses you.
The bat moves out of view.
You barely miss the goblin. The goblin closely misses you.
You completely miss the goblin. The goblin misses you.
You closely miss the goblin. The bat closely misses you. The goblin hits you.
You completely miss the goblin. The bat barely misses you.
The goblin barely misses you.
You barely miss the rat. The bat hits you but does no damage.
The goblin hits you. The rat misses you.
You are too injured to fight recklessly!
You are too injured to fight recklessly!
You are too injured to fight recklessly!
You are too injured to fight recklessly!
You are too injured to fight recklessly!
You are too injured to fight recklessly!
You are too injured to fight recklessly!
You are too injured to fight recklessly!
You are too injured to fight recklessly!
You are too injured to fight recklessly!
You are too injured to fight recklessly!
You are too injured to fight recklessly!
You are too injured to fight recklessly!
You hit the goblin.
The goblin is severely wounded.
The bat misses you. The goblin hits you but does no damage.
The rat barely misses you.
You closely miss the goblin.
The goblin is severely wounded.
The bat closely misses you. The goblin hits you. The rat closely misses you.
You closely miss the goblin.
The goblin is severely wounded.
The bat misses you. The goblin hits you.
* * * LOW HITPOINT WARNING * * *
The rat barely misses you.
You closely miss the goblin.
The goblin is severely wounded.
The bat hits you.
* * * LOW HITPOINT WARNING * * *
The goblin barely misses you. The rat barely misses you.
You hit the goblin.
You kill the goblin!
The bat hits you.
You die...

#.#.# #.....#
#.... #.....#
#.#.##.....#
..........#+#
####...........
...............
#...r.†......
#..@b......
#...##.....
#.#.## ...
#.#.#..# .
#......#
###.##.####+##
#.....#....#
#####.#.#..##.
#............


You could see a bat and a rat.

Vanquished Creatures
  2 goblins (D:1)
2 creatures vanquished.

Notes
Turn   | Place    | Note
-------+----------+-------------------------------------------
     0 | D:1      | FessEmpty the Demigod Earth Elementalist began the quest
                  | for the Orb.
     0 | D:1      | Reached XP level 1. HP: 14/14 MP: 5/5
    29 | D:1      | Upgraded the game from 0.25-a0-79-g1d1f32e58f to
                  | 0.25-a0-285-gcba6f664f8
    41 | D:1      | Slain by a bat

Levels and vault maps discovered:
D:1:      dpeg_arrival_tiny_j, layout_basic

Action                   || total
-------------------------++-------
Melee: Unarmed           ||    15
Armor: Robe              ||     2
Dodge: Dodged            ||    16

Table legend:
 A = Non-vault XP
 B = Vault XP
 C = Vault XP percentage of total XP
 D = Non-vault monster count
 E = Vault monster count
 F = Vault count percentage of total count
                 A         B        C        D         E       F
            +---------+---------+-------+---------+---------+-------
      Total |       4 |       0 |   0.0 |       2 |       0 |   0.0
            +---------+---------+-------+---------+---------+-------
        D:1 |       4 |       0 |   0.0 |       2 |       0 |   0.0
            +---------+---------+-------+---------+---------+-------
